Map: Dreamcatcher LE

Players

HeroMarine

  • Race: Terran Terran
  • Spawn Location: 11:00

TRUE - Winner!

  • Race: Zerg Zerg
  • Spawn Location: 5:00

Event: WCS Montreal 2018

VOD

Have the link to the VOD?

Description

Time

  • Played on: Sept. 7, 2018, 8:26 p.m.
  • Length: 10:18

All games in this series

Show
View Real Time Build Order
Export as new Build Order

HeroMarine Terran 

Build Orders: Gas First Reaper Expand, Reaper Expand, Banshee Rush 

Get SALT Encoding   

  12  0:00  SCV  
  13  0:12  SCV  
  14  0:17  Supply Depot  
  14  0:24  SCV  
  14  0:28  Refinery  
  15  0:38  SCV  
  16  0:45  Barracks  
  16  0:51  SCV  
  17  1:03  SCV  
  18  1:15  SCV  
  19  1:31  Reaper, Orbital Command  
  20  1:44  Command Center  
  20  1:53  Factory  
  20  1:58  SCV  
  20  2:03  Marine  
  20  2:07  Bunker  
  21  2:11  SCV  
  22  2:21  Supply Depot  
  22  2:23  SCV  
  22  2:28  Refinery  
  23  2:43  SCV  
  24  2:44  Starport  
  24  2:53  Barracks Reactor  
  24  2:55  SCV  
  24  2:56  Orbital Command  
  25  3:02  Factory Tech Lab  
  25  3:07  SCV  
  26  3:19  SCV  
  27  3:22  SCV  
  30  3:30  Marine x2  
  30  3:32  SCV  
  32  3:36  Orbital Command  
  28  3:44  Banshee, Cloaking Field, SCV  
  28  3:48  Marine x2  
  32  3:52  Factory Reactor  
  32  3:56  SCV  
  32  3:58  Supply Depot  
  32  4:01  SCV  
  34  4:05  Marine  
  34  4:06  Marine  
  34  4:08  SCV  
  37  4:13  SCV  
  38  4:19  Orbital Command  
  38  4:23  SCV, Marine x2  
  41  4:27  Banshee  
  41  4:30  Orbital Command  
  43  4:34  Hellion x2  
  46  4:40  Armory  
  46  4:41  Marine x2  
  46  4:44  SCV  
  49  4:57  Hellion x2  
  49  4:59  Marine  
  54  5:03  Marine  
  54  5:05  SCV  
  54  5:12  SCV  
  55  5:14  Banshee  
  55  5:17  SCV  
  60  5:23  Supply Depot  
  60  5:24  SCV  
  60  5:26  Hellion x2  
  61  5:30  SCV  
  62  5:45  SCV x2  
  64  5:52  Hellion  
  64  5:53  Hellion  
  64  5:55  Supply Depot  
  61  5:57  SCV x2  
  61  6:01  Banshee  
  54  6:09  SCV x2  
  56  6:16  Hellion x2  
  60  6:21  SCV x2  
  60  6:24  Command Center  
  62  6:29  Terran Vehicle Weapons Level 1  
  62  6:33  SCV x2  
  62  6:34  Factory  
  66  6:40  Hellion x2  
  66  6:45  SCV x2  
  70  6:48  Raven  
  70  6:50  Supply Depot  
  70  6:52  Refinery x2  
  72  6:57  SCV x2  
  74  7:04  Cyclone  
  77  7:09  SCV  
  77  7:11  Cyclone, SCV  
  82  7:20  Cyclone x2  
  85  7:23  SCV  
  85  7:26  SCV  
  87  7:35  SCV  
  88  7:38  SCV  
  88  7:41  Cyclone, Supply Depot  
  88  7:44  Cyclone  
  95  7:47  SCV, Refinery  
  95  7:50  SCV  
  97  7:52  Banshee  
  97  7:54  Refinery  
  97  7:57  Hellion  
  97  7:58  Hellion  
  104  7:59  SCV  
  104  8:02  SCV, Orbital Command  
  105  8:11  SCV  
  106  8:14  Cyclone, SCV  
  106  8:16  Cyclone  
  117  8:20  Hellion x3  
  117  8:26  Supply Depot x2  
  117  8:35  Banshee  
  117  8:36  SCV x2  
  117  8:38  SCV  
  123  8:48  Cyclone, SCV  
  127  8:49  SCV  
  127  8:50  Cyclone, SCV  
  127  8:52  Hellion x2  
  127  8:53  Hellion x6  
  132  8:57  Supply Depot  
  132  9:01  Cyclone x2  
  134  9:12  SCV x2  
  134  9:15  SCV  
  118  9:23  Cyclone  
  105  9:24  SCV  
  105  9:27  Cyclone  
  105  9:31  SCV x2  
  95  9:33  Cyclone x2  
  97  9:47  SCV x3  
  100  9:55  Hellion  
Show
View Real Time Build Order
Export as new Build Order

TRUE Zerg - Winner!

Build Orders: Pool First 

Get SALT Encoding   

  12  0:00  Drone  
  13  0:12  Overlord  
  13  0:16  Drone  
  14  0:30  Drone x2  
  16  0:40  Spawning Pool  
  15  0:44  Drone  
  15  0:47  Drone  
  17  0:57  Extractor  
  17  1:02  Drone  
  17  1:14  Hatchery  
  16  1:27  Zergling x4  
  16  1:28  Zergling x2  
  19  1:36  Queen  
  21  1:45  Overlord  
  21  1:59  Drone  
  22  2:02  Metabolic Boost  
  22  2:04  Drone  
  23  2:15  Queen  
  25  2:17  Drone  
  26  2:24  Drone  
  26  2:27  Drone  
  28  2:40  Zergling x4  
  28  2:42  Zergling x2  
  31  2:47  Zergling x6  
  31  2:48  Overlord  
  34  2:56  Zergling x2  
  35  3:00  Zergling x2  
  36  3:09  Drone  
  36  3:10  Drone  
  38  3:15  Drone  
  38  3:16  Drone  
  38  3:19  Drone x2  
  42  3:25  Drone x2  
  44  3:31  Overlord  
  44  3:36  Overlord  
  44  3:45  Overlord  
  44  3:49  Drone, Hatchery  
  44  3:50  Drone x2  
  44  3:52  Drone  
  46  3:57  Drone  
  46  4:00  Queen  
  46  4:02  Queen  
  49  4:04  Drone  
  49  4:06  Drone  
  49  4:08  Drone  
  54  4:10  Drone  
  54  4:12  Drone  
  54  4:13  Drone  
  54  4:15  Drone  
  58  4:20  Drone  
  58  4:21  Drone  
  60  4:25  Overlord  
  60  4:30  Spore Crawler  
  59  4:34  Spore Crawler  
  59  4:38  Queen  
  57  4:39  Evolution Chamber  
  57  4:40  Overlord  
  57  4:43  Queen  
  60  4:47  Evolution Chamber  
  59  4:55  Drone x6  
  65  5:02  Zergling x8  
  65  5:05  Zergling x4  
  62  5:11  Zergling x4  
  62  5:12  Spore Crawler  
  63  5:14  Zergling x2  
  63  5:18  Zergling x4  
  66  5:22  Queen  
  66  5:24  Zerg Melee Weapons Level 1  
  68  5:36  Zergling x16  
  68  5:40  Zergling x4  
  68  5:42  Zergling x4  
  80  5:43  Overlord  
  80  5:47  Overlord  
  73  5:59  Overlord  
  73  6:01  Drone x2  
  73  6:02  Drone  
  70  6:07  Drone x3  
  70  6:08  Drone  
  70  6:09  Drone x2  
  75  6:12  Drone x2  
  75  6:16  Drone, Lair  
  75  6:17  Drone  
  79  6:22  Queen  
  79  6:23  Queen  
  82  6:28  Extractor  
  82  6:29  Drone  
  82  6:30  Drone  
  82  6:31  Roach Warren  
  82  6:32  Drone  
  83  6:33  Drone  
  83  6:37  Drone x4  
  88  6:40  Extractor  
  88  6:41  Drone  
  88  6:43  Drone x2  
  88  6:45  Extractor, Zerg Missile Weapons Level 1  
  89  6:47  Drone x3  
  92  6:59  Queen  
  92  7:00  Queen  
  96  7:03  Overlord  
  96  7:06  Overlord  
  96  7:09  Overlord  
  96  7:10  Roach  
  96  7:13  Overlord  
  96  7:14  Overlord  
  95  7:21  Overlord  
  95  7:22  Glial Reconstitution  
  95  7:24  Extractor  
  95  7:25  Drone  
  95  7:27  Roach  
  95  7:28  Roach x3  
  95  7:29  Roach  
  105  7:34  Hatchery, Roach x2  
  105  7:35  Roach x2  
  105  7:36  Drone  
  113  7:38  Extractor  
  113  7:40  Drone x2  
  113  7:41  Drone x2  
  116  7:45  Roach x2  
  116  7:46  Roach  
  116  7:47  Roach  
  124  7:52  Overlord  
  124  7:57  Overlord  
  123  7:59  Roach x3  
  123  8:04  Overlord  
  123  8:05  Overseer  
  129  8:08  Zerg Ground Armor Level 1  
  129  8:10  Roach x2  
  133  8:15  Overlord, Roach  
  133  8:16  Roach  
  133  8:17  Roach x2  
  133  8:18  Roach  
  143  8:20  Roach  
  143  8:21  Roach  
  143  8:22  Roach  
  143  8:24  Roach  
  143  8:25  Roach  
  153  8:31  Infestation Pit  
  152  8:35  Roach x2  
  152  8:36  Roach  
  152  8:40  Roach x2  
  152  8:41  Roach  
  164  8:42  Roach  
  164  8:44  Roach  
  168  8:52  Drone x8  
  176  8:58  Hydralisk Den  
  176  9:02  Overlord  
  134  9:25  Roach  
  134  9:26  Roach x6  
  134  9:28  Drone x6  
  127  9:34  Hydralisk x3  
  127  9:35  Hydralisk x3  
  127  9:36  Hydralisk x2  
  141  9:41  Hydralisk  
  143  9:46  Hydralisk  
  143  9:51  Hydralisk  
  147  9:53  Roach  
  147  9:55  Roach x2  
  147  9:56  Overlord  
  147  9:58  Overlord  
Tags
 
Add a new tag
Caveats
  • Supply blocks, unpowered buildings, or Contaminate may cause inaccurate times.
  • Supply counts are checked every 10 seconds.